 Dungeon Crawl Stone Soup version 0.25-a0-1133-g93ebf739aa (webtiles) character file.

Game seed: 13041239738412916195, levelgen mode: deterministic

642 Glundar the Firebug (level 7, 0/51 HPs)
             Began as a Gnoll Fire Elementalist on May 22, 2020.
             Was an Initiate of Sif Muna.
             Killed from afar by an orc wizard (9 damage)
             ... with a magic dart
             ... on level 4 of the Dungeon.
             The game lasted 00:32:35 (5096 turns).

Glundar the Firebug (Gnoll Fire Elementalist)       Turns: 5096, Time: 00:32:35

Health: 0/51       AC:  3    Str: 10    XL:     7   Next: 51%
Magic:  15/24      EV: 15    Int: 24    God:    Sif Muna [......]
Gold:   215        SH:  0    Dex: 15    Spells: 10/17 levels left

rFire    + . .     SeeInvis .   b - +2 whip of Reinforcement {drain, *Noise rF+ rC+ rN+ Int+4}
rCold    + . .     Gourm    .   (no shield)
rNeg     + . .     Faith    .   x - +0 robe
rPois    .         Spirit   .   (no helmet)
rElec    .         Reflect  .   (no cloak)
rCorr    .         Harm     .   u - +0 pair of gloves
MR       .....                  (no boots)
Stlth    +++.......             (no amulet)
HPRegen  0.17/turn              g - ring of magical power
MPRegen  0.19/turn              (no ring)

@: no status effects
A: distributed training, fangs 1, strong nose
a: Renounce Religion


You were on level 4 of the Dungeon.
You worshipped Sif Muna.
Sif Muna was noncommittal.
You were very hungry.

You visited 2 branches of the dungeon, and saw 6 of its levels.

You collected 215 gold pieces.

Inventory:

Hand Weapons
 a - a +0 hunting sling
 b - the +2 whip of Reinforcement (weapon) {drain, *Noise rF+ rC+ rN+ Int+4}
   (You found it on level 4 of the Dungeon)

   A truly terrible weapon, it drains the life of those it strikes.
   It affects your intelligence (+4).
   It protects you from fire.
   It protects you from cold.
   It protects you from negative energy.
   It may make noises in combat.
 d - a +0 vampiric dagger
 l - a +2 dagger of protection
 m - a +1 dagger of draining
 q - a +1 dagger of flaming
 y - a +0 spear of freezing
Missiles
 f - 36 sling bullets
 k - 5 atropa-tipped darts (quivered)
 z - 20 poisoned darts
Armour
 u - a +0 pair of gloves (worn)
 x - a +0 robe (worn)
 B - a +1 helmet
Jewellery
 g - a ring of magical power (left hand)
Wands
 w - a wand of flame (17)
Scrolls
 e - 4 scrolls of identify
 i - 3 scrolls of teleportation
 j - 3 scrolls of remove curse
 o - a scroll of fear {unknown}
 s - a scroll of amnesia {unknown}
 t - a scroll of enchant weapon {unknown}
 v - 2 scrolls of enchant armour {unknown}
 A - a scroll of blinking {unknown}
 C - a scroll of immolation {unknown}
Potions
 h - 2 potions of cancellation
 p - 2 potions of curing
 D - a potion of brilliance
Comestibles
 c - 6 rations


   Skills:
 + Level 2.5 Fighting
 + Level 2.5 Short Blades
 + Level 2.5 Long Blades
 + Level 2.5 Axes
 + Level 2.5 Maces & Flails
 + Level 2.5 Polearms
 + Level 2.5 Staves
 + Level 2.5 Slings
 + Level 2.5 Bows
 + Level 2.5 Crossbows
 + Level 2.5 Throwing
 + Level 2.5 Armour
 + Level 5.2 Dodging
 + Level 4.9 Stealth
 + Level 2.5 Shields
 + Level 2.5 Unarmed Combat
 + Level 5.6 Spellcasting
 + Level 3.0 Conjurations
 + Level 2.0 Hexes
 + Level 2.0 Charms
 + Level 2.0 Summonings
 + Level 2.0 Necromancy
 + Level 2.0 Translocations
 + Level 2.0 Transmutations
 + Level 5.8 Fire Magic
 + Level 2.0 Ice Magic
 + Level 2.0 Air Magic
 + Level 2.0 Earth Magic
 + Level 2.0 Poison Magic
 + Level 2.7 Invocations
 + Level 2.5 Evocations


You had 10 spell levels left.
You knew the following spells:

 Your Spells              Type           Power        Failure   Level  Hunger
a - Foxfire               Conj/Fire      ####         1%          1    None
b - Conjure Flame         Conj/Fire      ####....     4%          3    #......
c - Inner Flame           Hex/Fire       ####....     4%          3    #......

Your spell library contained the following spells:

 Spells                   Type           Power        Failure   Level  Hunger
 Sticky Flame             Conj/Fire      ####....     13%         4    ###....
 Fireball                 Conj/Fire      ####......   36%         5    #####..


Dungeon Overview and Level Annotations

Branches:
Dungeon (5/15)             Temple (1/1) D:4

Altars:
Ashenzari
Dithmenos
Elyvilon
Gozag
Hepliaklqana
Kikubaaqudgha
Makhleb
Qazlal
Sif Muna
Xom
The Shining One


Innate Abilities, Weirdness & Mutations

Your experience applies equally to all skills.
You have very sharp teeth.
Your uncanny sense of smell can sniff out nearby items.


Message History

The orc wizard hits you but does no damage.
You closely miss the orc wizard. Your bite misses the orc wizard.
The orc wizard is heavily wounded.
The orc wizard misses you.
Casting: Conjure Flame (dangerous; 4% risk of failure)
Confirm with . or Enter, or press ? or * to list all spells.
You conjure some foxfire!
The orc wizard closely misses you.
The foxfire hits the orc wizard!
The orc wizard is almost dead.
The foxfire hits the orc wizard.
The orc wizard is almost dead.
The orc wizard gestures wildly while chanting.
The orc wizard flickers and vanishes!
Deactivating autopickup; reactivate with Ctrl-A.
A magic dart appears from out of thin air!
The magic dart hits you.
* * * LOW HITPOINT WARNING * * *
A magic dart appears from out of thin air!
The magic dart hits you!
You die...

####### #.....# #.###.# #.# #.#
########## #.###.######
#........# #....รท.....#
#........##### ####.#####+#
#............#### #.##.....
#...^.....@..+..# #........
#......{.....##.#######....
#######...>........+..##....#....
....[..............##.##.##.#....
...................##..#.##.#.#'#
.........#'##'#..........##.#.#.#
.........#.##.#..)......###.#.#.#
.........#.##.#####...#.....#.#.#
.........#.##.#####...#..#..#.#'#


There were no monsters in sight!

Vanquished Creatures
  A big kobold (D:4)
  Blork the orc (D:3)
  A howler monkey (D:3)
  A jelly (D:4)
  6 orc wizards
  An iguana (D:4)
  A worker ant (D:4)
  8 adders
  An ooze (D:4)
  A worm (D:2)
  2 dart slugs
  3 leopard geckos
  14 orcs
  2 ball pythons
  7 giant cockroaches
  11 goblins
  10 hobgoblins
  16 jackals
  7 bats
  4 frilled lizards
  A jackal skeleton (D:4)
  32 kobolds
  7 rats
138 creatures vanquished.

Vanquished Creatures (collateral kills)
  A hobgoblin (D:2)
1 creature vanquished.

Vanquished Creatures (others)
  407 foxfires
407 creatures vanquished.

Grand Total: 546 creatures vanquished

Notes
Turn   | Place    | Note
-------+----------+-------------------------------------------
     0 | D:1      | Glundar the Gnoll Fire Elementalist began the quest for the
                  | Orb.
     0 | D:1      | Reached XP level 1. HP: 13/13 MP: 6/6
   119 | D:1      | Reached XP level 2. HP: 19/19 MP: 3/7
   386 | D:1      | Reached XP level 3. HP: 25/25 MP: 9/9
   444 | D:1      | Reached skill level 5 in Spellcasting
   641 | D:1      | Learned a level 3 spell: Conjure Flame
   645 | D:1      | Learned a level 3 spell: Inner Flame
  1150 | D:2      | Reached skill level 1 in Invocations
  1245 | D:2      | Reached skill level 1 in Fighting
  1245 | D:2      | Reached skill level 1 in Short Blades
  1245 | D:2      | Reached skill level 1 in Long Blades
  1245 | D:2      | Reached skill level 1 in Axes
  1245 | D:2      | Reached skill level 1 in Maces & Flails
  1245 | D:2      | Reached skill level 1 in Polearms
  1245 | D:2      | Reached skill level 1 in Staves
  1245 | D:2      | Reached skill level 1 in Slings
  1245 | D:2      | Reached skill level 1 in Bows
  1245 | D:2      | Reached skill level 1 in Crossbows
  1245 | D:2      | Reached skill level 1 in Throwing
  1245 | D:2      | Reached skill level 1 in Armour
  1245 | D:2      | Reached skill level 1 in Shields
  1245 | D:2      | Reached skill level 1 in Unarmed Combat
  1245 | D:2      | Reached skill level 1 in Evocations
  1340 | D:2      | Reached XP level 4. HP: 32/32 MP: 11/11
  1734 | D:2      | Reached skill level 1 in Hexes
  1734 | D:2      | Reached skill level 1 in Charms
  1734 | D:2      | Reached skill level 1 in Summonings
  1734 | D:2      | Reached skill level 1 in Necromancy
  1734 | D:2      | Reached skill level 1 in Translocations
  1734 | D:2      | Reached skill level 1 in Transmutations
  1734 | D:2      | Reached skill level 1 in Ice Magic
  1734 | D:2      | Reached skill level 1 in Air Magic
  1734 | D:2      | Reached skill level 1 in Earth Magic
  1734 | D:2      | Reached skill level 1 in Poison Magic
  2197 | D:3      | Reached XP level 5. HP: 37/37 MP: 12/12
  3306 | D:3      | Reached XP level 6. HP: 28/44 MP: 13/13
  3550 | D:4      | Noticed Blork the orc
  3561 | D:3      | Killed Blork the orc
  3561 | D:3      | Reached skill level 5 in Dodging
  3639 | D:4      | Got a dazzling whip
  3643 | D:4      | Identified the +2 whip of Reinforcement {drain, *Noise rF+
                  | rC+ rN+ Int+4} (You found it on level 4 of the Dungeon)
  4130 | D:4      | Reached XP level 7. HP: 50/50 MP: 15/15
  4448 | D:4      | Found a staircase to the Ecumenical Temple.
  4467 | Temple   | Entered the Ecumenical Temple
  4504 | Temple   | Became a worshipper of Sif Muna the Loreminder
  4688 | D:4      | Found an opulent altar of Gozag.
  4902 | D:5      | Entered Level 5 of the Dungeon
  5096 | D:4      | Killed from afar by an orc wizard

Illustrated notes

Levels and vault maps discovered:
D:1:      dpeg_arrival_yet_another_circle, layout_basic, minmay_misc_feat_x,
          minmay_tetromino_s4
D:2:      layout_loops_corners
D:3:      layout_basic, first_ration
D:4:      kennysheep_kobold_camp, layout_basic, lemuel_crystal_altar,
          minmay_temple_entry_crystal_x, uniq_blork_the_orc
D:5:      layout_basic, vehumet_statue, minitemple, corexii_hall_statues_i
Temple:   eino_temple_lava

Skill      XL: |  1  2  3  4  5  6  7 |
---------------+----------------------+-----
Conjurations   | 2 3 |  3.0
Spellcasting   | 5 |  5.6
Invocations    | 1 2 |  2.7
Fighting       | 1 2 |  2.5
Short Blades   | 1 2 |  2.5
Long Blades    | 1 2 |  2.5
Axes           | 1 2 |  2.5
Maces & Flails | 1 2 |  2.5
Polearms       | 1 2 |  2.5
Staves         | 1 2 |  2.5
Slings         | 1 2 |  2.5
Bows           | 1 2 |  2.5
Crossbows      | 1 2 |  2.5
Throwing       | 1 2 |  2.5
Armour         | 1 2 |  2.5
Shields        | 1 2 |  2.5
Unarmed Combat | 1 2 |  2.5
Evocations     | 1 2 |  2.5
Hexes          | 1 2 |  2.0
Charms         | 1 2 |  2.0
Summonings     | 1 2 |  2.0
Necromancy     | 1 2 |  2.0
Translocations | 1 2 |  2.0
Transmutations | 1 2 |  2.0
Ice Magic      | 1 2 |  2.0
Air Magic      | 1 2 |  2.0
Earth Magic    | 1 2 |  2.0
Poison Magic   | 1 2 |  2.0
Dodging        | 5 |  5.2
Stealth        | |  4.9
Fire Magic     | |  5.8

Action                   |  1- 3 |  4- 6 |  7- 9 || total
-------------------------+-------+-------+-------++-------
Melee: Spear             |     1 |       |       ||     1
       Dagger            |       |     5 |       ||     5
       Whip              |       |    16 |     5 ||    21
       Bite              |       |     1 |       ||     1
 Fire: Hunting sling     |       |    11 |     5 ||    16
 Cast: Foxfire           |    76 |   154 |    55 ||   285
       Conjure Flame     |       |       |     1 ||     1
  Use: Scroll            |       |       |     5 ||     5
       Potion            |       |       |     1 ||     1
  Eat: Chunk             |     1 |     5 |     2 ||     8
       Ration            |       |     1 |       ||     1
Armor: Robe              |       |     8 |     1 ||     9
Dodge: Dodged            |     4 |    42 |    16 ||    62

Table legend:
 A = Non-vault XP
 B = Vault XP
 C = Vault XP percentage of total XP
 D = Non-vault monster count
 E = Vault monster count
 F = Vault count percentage of total count
                 A         B        C        D         E       F
            +---------+---------+-------+---------+---------+-------
      Total |     704 |     214 |  23.3 |     116 |      23 |  16.5
            +---------+---------+-------+---------+---------+-------
        D:1 |      52 |       1 |   1.9 |      32 |       1 |   3.0
        D:2 |      90 |       0 |   0.0 |      23 |       0 |   0.0
        D:3 |     207 |      91 |  30.5 |      33 |       1 |   2.9
        D:4 |     312 |     122 |  28.1 |      26 |      21 |  44.7
        D:5 |      43 |       0 |   0.0 |       2 |       0 |   0.0
            +---------+---------+-------+---------+---------+-------
